AoeStats
← 三只蚂蚁国际集运

Arabia

503249145Analyzed
3v3 RM · 10d ago on Aug 30, 2026· 47m 16s· 6 players
Game mode
Random Map
Map size
Normal (6 player)
Population
200
Speed
Normal
Resources
Standard
Victory
Conquest
Starting age
Dark Age
Ending age
Imperial Age
RankedLock teamsTeams togetherTeam positionsShared explorationLock speedFull tech treeHidden civsTurbo modeCheats
Victory
Defeat
🇹🇷 Romans · Türkiye
1111
+16
🇹🇷 Magyars · Türkiye
1079
+17
🇹🇷 Goths · Türkiye
1065
+18
1159
-19
🇬🇧 Teutons · United Kingdom
1085
-38
🇯🇵 Spanish · Japan
1059
-15
KJI
6:10 Loom
11:11 Feudal Age
16:06 Castle Age
15:22 Stone Mining
19:24 Horse Collar
26:53 Padded Archer Armor
27:35 Gold Mining
29:00 Wheelbarrow
28:28 Husbandry
32:49 Leather Archer Armor
33:08 Double-Bit Axe
33:45 Heavy Plow
39:18 Imperial Age
36:44 Fletching
37:36 Bodkin Arrow
41:03 Ring Archer Armor
40:45 Forging
42:12 Conscription
41:33 Cavalier
三只蚂蚁国际集运
1:10 Loom
11:23 Feudal Age
18:34 Castle Age
16:39 Double-Bit Axe
16:37 Horse Collar
17:04 Gold Mining
17:31 Stone Mining
18:13 Padded Archer Armor
18:04 Fletching
19:57 Wheelbarrow
21:12 Leather Archer Armor
21:31 Forging
25:47 Masonry
31:22 Imperial Age
29:44 Ballistics
29:05 Treadmill Crane
32:07 Bow Saw
32:27 Conscription
33:51 Architecture
35:38 Chemistry
36:00 Heated Shot
36:59 Murder Holes
39:19 Ring Archer Armor
38:45 Bodkin Arrow
39:26 Iron Casting
41:33 Hoardings
13Powerclub13
7:04 Loom
9:27 Feudal Age
9:47 Man-at-Arms
15:38 Double-Bit Axe
21:18 Castle Age
25:30 Pikeman
26:12 Squires
28:17 Stone Mining
31:58 Wheelbarrow
32:37 Sanctity
32:25 Gambesons
32:42 Scale Mail Armor
32:37 Arson
38:53 Imperial Age
37:15 Elite Skirmisher
39:03 Gold Mining
39:50 Stone Shaft Mining
39:53 Block Printing
40:19 Theocracy
40:13 Hand Cart
41:03 Elite Teutonic Knight
42:06 Ironclad
42:02 Forging
41:47 Horse Collar
42:26 Bow Saw
43:17 Chain Mail Armor
44:17 Ballistics
44:58 Chemistry
BeLikeMike.
0:26 Loom
11:12 Feudal Age
22:12 Castle Age
20:46 Scale Barding Armor
22:56 Bloodlines
22:40 Gold Mining
23:16 Horse Collar
23:47 Husbandry
27:07 Town Watch
28:01 Wheelbarrow
28:11 Chain Barding Armor
31:45 Stone Mining
31:55 Pikeman
34:00 Fletching
34:11 Padded Archer Armor
35:33 Heavy Plow
37:24 Double-Bit Axe
38:16 Gold Shaft Mining
38:04 Bodkin Arrow
AlphaCentaurus
3:37 Loom
8:20 Loom
12:13 Feudal Age
13:02 Double-Bit Axe
13:23 Horse Collar
16:25 Scale Mail Armor
15:55 Man-at-Arms
19:35 Wheelbarrow
25:22 Castle Age
24:32 Stone Mining
26:23 Hand Cart
25:55 Pikeman
26:38 Squires
26:55 Chain Mail Armor
29:31 Fletching
32:22 Imperial Age
30:50 Bow Saw
36:17 Heavy Plow
36:40 Gold Mining
38:07 Heavy Scorpion
40:08 Ballistas
40:45 Gold Shaft Mining
45:46 Siege Engineers
@Grok is this True?
4:42 Loom
10:57 Feudal Age
16:02 Castle Age
15:20 Horse Collar
15:29 Double-Bit Axe
17:53 Heavy Plow
18:34 Bow Saw
21:10 Wheelbarrow
23:07 Gold Mining
23:13 Stone Mining
26:44 Hand Cart
32:16 Imperial Age
29:51 Anarchy
30:19 Pikeman
31:01 Squires
32:25 Elite Huskarl
33:09 Perfusion
33:34 Conscription
33:28 Forging
33:19 Scale Mail Armor
35:35 Iron Casting
35:16 Chain Mail Armor
35:26 Fletching
34:59 Halberdier
35:00 Man-at-Arms
35:52 Town Watch
38:02 Blast Furnace
36:55 Fletching
37:23 Town Patrol
36:55 Crossbowman
36:56 Elite Skirmisher
47:00 Coinage
46:41 Guilds
46:16 Sappers
Connection lost

Rejoining the realm…

Still unreachable

The connection could not be restored.

Session expired

The server has moved on; the page needs a fresh start.